 Dungeon Crawl Stone Soup version 0.28-a0-969-g2dcde036d2 (webtiles) character file.

Game seed: 8768963946149545670

604 BinkBink the Cutter (level 7, -1/61 HPs)
             Began as a Minotaur Monk on Dec 1, 2021.
             Was a Believer of Qazlal.
             Slain by an orc warrior (18 damage)
             ... on level 5 of the Dungeon.
             The game lasted 00:08:00 (5200 turns).

BinkBink the Cutter (Minotaur Monk)                 Turns: 5200, Time: 00:08:03

Health: -1/61      AC: 13    Str: 15    XL:     7   Next: 18%
Magic:  6/6        EV:  5    Int:  7    God:    Qazlal [**....]
Gold:   256        SH:  7    Dex: 15    Spells: 6/6 levels left

rFire   . . .      SeeInvis .   a - +0 short sword
rCold   . . .      Faith    .   o - +0 buckler
rNeg    . . .      Spirit   .   g - +0 plate armour
rPois   +          Reflect  .   (helmet restricted)
rElec   .          Harm     .   e - +0 cloak
rCorr   .          Rampage  .   (no gloves)
Will    .....                   (no boots)
Stlth   ..........              (no amulet)
HPRegen 0.20/turn               i - ring of poison resistance
MPRegen 0.10/turn               (no ring)

@: no status effects
A: horns 2, retaliatory headbutt
a: Renounce Religion, Upheaval


You were on level 5 of the Dungeon.
You worshipped Qazlal.
Qazlal was pleased with you.
You visited 2 branches of the dungeon, and saw 7 of its levels.

You collected 256 gold pieces.

Inventory:

Hand Weapons
 a - a +0 short sword (weapon)
Armour
 b - a +0 robe
 e - a +0 cloak (worn)
 g - a +0 plate armour (worn)
 o - a +0 buckler (worn)
Jewellery
 i - a ring of poison resistance (left hand)
Wands
 s - a wand of iceblast (4)
Scrolls
 c - 4 scrolls of teleportation {unknown}
 d - a scroll of immolation {unknown}
 f - 2 scrolls of amnesia {unknown}
 h - a scroll of silence {unknown}
 j - a scroll of acquirement {unknown}
 m - 2 scrolls of enchant armour {unknown}
 n - 3 scrolls of identify {unknown}
 p - 3 scrolls of noise {unknown}
 t - a scroll of enchant weapon {unknown}
 y - a scroll of blinking {unknown}
 z - a scroll of summoning {unknown}
Potions
 k - a potion of curing {unknown}
 l - a potion of lignification {unknown}
 q - a potion of ambrosia {unknown}
 r - a potion of attraction {unknown}
 u - a potion of degeneration {unknown}
 v - a potion of flight {unknown}
 w - a potion of haste {unknown}
 x - a potion of might {unknown}


   Skills:
 + Level 5.3 Fighting
 + Level 5.7 Short Blades
 * Level 5.4 Armour
 + Level 3.9 Dodging
 - Level 1.5 Stealth
 * Level 2.4 Shields


You had 6 spell levels left.
You didn't know any spells.
Your spell library contained the following spells:

 Spells                   Type           Power      Damage    Failure   Level
 Ensorcelled Hibernation  Hex/Ice        0%         N/A       100%        2
 Tukima's Dance           Hex            0%         N/A       100%        3


Dungeon Overview and Level Annotations

Branches:
Dungeon (6/15)             Temple (1/1) D:5

Altars:
Cheibriados
Dithmenos
Elyvilon
Fedhas
Gozag
Hepliaklqana
Kikubaaqudgha
Makhleb
Nemelex Xobeh
Okawaru
Qazlal
Ru
Sif Muna
Trog
Uskayaw
Vehumet
Wu Jian
Xom
Yredelemnul
Zin
The Shining One

Shops:
D:5 *


Innate Abilities, Weirdness & Mutations

You have a pair of horns on your head.
You reflexively headbutt those who attack you in melee.


Message History

You hit the orc warrior. Your headbutt misses the orc warrior.
The orc warrior is lightly wounded.
The orc warrior hits you with a +1 long sword of electrocution!
You hit the orc warrior but do no damage.
The orc warrior is lightly wounded.
The orc warrior hits you with a +1 long sword of electrocution.
Your plate armour prevents you from hitting the orc warrior.
Your headbutt misses the orc warrior.
The orc warrior is lightly wounded.
You block the orc warrior's attack.
You hit the orc warrior.
The orc warrior is lightly wounded.
The orc warrior hits you but does no damage.
You closely miss the orc warrior.
The orc warrior is lightly wounded.
You hit the orc warrior but do no damage.
The orc warrior is lightly wounded.
The orc warrior hits you with a +1 long sword of electrocution.
You hit the orc warrior but do no damage.
Your headbutt misses the orc warrior.
The orc warrior is lightly wounded.
The orc warrior hits you but does no damage.
You hit the orc warrior.
The orc warrior is lightly wounded.
You block the orc warrior's attack.
You hit the orc warrior but do no damage.
You headbutt the orc warrior, but do no damage.
The orc warrior is lightly wounded.
You block the orc warrior's attack.
You hit the orc warrior. Your headbutt misses the orc warrior.
The orc warrior is lightly wounded.
The orc warrior hits you but does no damage.
You are electrocuted!
You hit the orc warrior but do no damage.
You headbutt the orc warrior, but do no damage.
The orc warrior is lightly wounded.
The orc warrior hits you with a +1 long sword of electrocution!
* * * LOW HITPOINT WARNING * * *
You are electrocuted!!
You die...

#####>...⌠....####.#
#............##....#
#.##..#∩.∩.∩###.####
#o#...####### #.#
#.#.......## #.#
#.#......<.####.########
..#######.......#......#
###.........###..o.P..P#
.#....####......@#.P...#
.#....# #.#######.P>.P#
.'....# ##'###....PPPP.#
##....# #.......##.o...#
#)...###.......#####.##
#...o##........#
#.#######
#####......##+##
#.......# #......†#.#
#.##....# #.......#.#
#.##....#


You could see an orc warrior.

Vanquished Creatures
  A black bear (D:5)
  2 scorpions
  A jelly (D:4)
  2 hounds (D:4)
  A gnoll shaman (D:3)
  3 iguanas
  4 gnolls
  6 adders
  A white imp (D:4)
  An adder skeleton (D:2)
  2 worms
  6 dart slugs
  8 orcs
  5 endoplasms
  A giant cockroach (D:1)
  8 goblins
  A hobgoblin (D:3)
  4 jackals (D:2)
  5 quokkas
  12 ball pythons
  7 bats
  A frilled lizard (D:2)
  9 kobolds
  A rat (D:1)
92 creatures vanquished.

Vanquished Creatures (others)
  13 plants
13 creatures vanquished.

Grand Total: 105 creatures vanquished

Notes
Turn   | Place    | Note
-------+----------+-------------------------------------------
     0 | D:1      | BinkBink the Minotaur Monk began the quest for the Orb.
     0 | D:1      | Reached XP level 1. HP: 19/19 MP: 0/0
    86 | D:1      | Reached XP level 2. HP: 27/27 MP: 1/1
   363 | D:1      | Found a faded altar of an unknown god.
   893 | D:2      | Reached XP level 3. HP: 33/33 MP: 2/2
  1248 | D:2      | Reached skill level 1 in Armour
  1433 | D:2      | Found a shimmering altar of Xom.
  1833 | D:3      | Reached XP level 4. HP: 40/40 MP: 3/3
  1875 | D:3      | Noticed a scorpion
  1933 | D:1      | Killed a scorpion
  2281 | D:3      | Reached XP level 5. HP: 20/47 MP: 4/4
  2998 | D:4      | Reached skill level 1 in Shields
  2998 | D:4      | Reached XP level 6. HP: 44/55 MP: 5/5
  3099 | D:4      | Reached skill level 5 in Short Blades
  3282 | D:4      | Reached skill level 5 in Fighting
  3817 | D:4      | Reached skill level 5 in Armour
  4343 | D:5      | Entered Level 5 of the Dungeon
  4350 | D:5      | Found Peuluiz's CLEARANCE SALE!.
  4394 | D:5      | Found a staircase to the Ecumenical Temple.
  4414 | Temple   | Entered the Ecumenical Temple
  4585 | Temple   | Became a worshipper of Qazlal Stormbringer
  4585 | Temple   | Reached * piety under Qazlal
  4585 | Temple   | Reached ** piety under Qazlal
  4723 | D:5      | Reached XP level 7. HP: 56/61 MP: 6/6
  5200 | D:5      | Slain by an orc warrior

Illustrated notes

Levels and vault maps discovered:
D:1:      minmay_arrival_up_and_down, layout_basic,
          dilly_ecumenical_altar_fadedgnrine, hangedman_feature_mirror
D:2:      layout_loops_ring, basic_altar, kennysheep_donut,
          minmay_split_cup_small
D:3:      layout_loops_ring, nicolae_grassy_gnolls
D:4:      minmay_thinvault, layout_basic, serial_forest,
          infiniplex_forest_clump_curved, infiniplex_forest_end_2,
          infiniplex_forest_clump_small, infiniplex_forest_zigzag_1,
          infiniplex_forest_clump_medium, infiniplex_forest_clump_curved
D:5:      layout_basic, minmay_temple_entry_overgrown, grunt_decor_resistance,
          hex_intersection, nicolae_shop_clearance, uniq_prince_ribbit1
D:6:      layout_loops_cross
Temple:   kilobyte_greek_temple

Skill      XL: |  1  2  3  4  5  6 |
---------------+-------------------+-----
Fighting       | 4 5 |  5.3
Short Blades   | 4 5 |  5.7
Armour         | 1 2 4 5 |  5.4
Shields        | 1 2 |  2.4
Dodging        | |  3.9
Stealth        | |  1.5

Action                   |  1- 3 |  4- 6 |  7- 9 || total
-------------------------+-------+-------+-------++-------
Melee: Short sword       |   115 |   226 |    27 ||   368
       Headbutt          |    23 |    55 |     4 ||    82
 Stab: Sleeping          |     2 |       |       ||     2
Armor: Robe              |     9 |       |       ||     9
       Plate armour      |    54 |   136 |    17 ||   207
Dodge: Dodged            |    42 |    44 |     8 ||    94
Block: Buckler           |       |    43 |    17 ||    60

Table legend: (Time is in decaauts)
 A = Elapsed time spent in this place.
 B = Non-inter-level travel time spent in this place.
 C = Inter-level travel time spent in this place.
 D = Time resting spent in this place.
 E = Time spent auto-exploring this place.
 F = Levels seen in this place.
 G = Mean time per level.
                   A        B        C        D        E       F      G
               +--------+--------+--------+--------+--------+-----+--------+
         Total |   5169 |   4892 |    277 |      0 |   4007 |   7 |  738.4 |
       Dungeon |   4751 |   4549 |    202 |      0 |   3673 |   6 |  791.8 |
        Temple |    417 |    342 |     75 |      0 |    334 |   1 |  417.0 |
               +--------+--------+--------+--------+--------+-----+--------+

Top non-repeatable levels by time:
     D:4: 1347 daAuts
     D:2: 1170 daAuts
     D:1: 901 daAuts
     D:3: 896 daAuts
  Temple: 417 daAuts
     D:5: 401 daAuts
     D:6: 34 daAuts
